 Dungeon Crawl Stone Soup version 0.22-a0-392-g5dc3fd9af9 (webtiles) character file.

17406 Manul the Blocker (level 12, -9/64 HPs)
             Began as a Vine Stalker Fighter on May 2, 2018.
             Was an Initiate of Gozag.
             Mangled by Erolcha
             ... wielding a +9 giant club
              (48 damage)
             ... on level 12 of the Dungeon.
             The game lasted 00:21:00 (12871 turns).

Manul the Blocker (Vine Stalker Fighter)           Turns: 12871, Time: 00:21:01

Health: -9/64      AC: 25    Str: 25    XL:     12   Next: 47%
Magic:  0/1        EV:  7    Int:  8    God:    Gozag
Gold:   242        SH: 13    Dex: 15    Spells: 11/11 levels left

rFire    + . .     SeeInvis +   R - +5 demon whip "Spellbinder" {antimagic, MR+}
rCold    + . .     Gourm    .   c - +0 shield
rNeg     . . .     Faith    +   o - +0 gold dragon scales
rPois    +         Spirit   +   w - +0 helmet
rElec    +         Reflect  .   g - +0 cloak
rCorr    .         Harm     .   l - +0 pair of gloves
MR       ++++.     Clarity  +   N - +2 pair of boots
Stlth    ..........             h - amulet "Sapsil" {Faith MR++ MP-9 Slay+2 SInv}
HPRegen  1.00/turn              y - +2 ring of strength
MPRegen  0.07/turn              j - ring of Hedonism {rElec Stlth+}

@: hasted, very quick
A: fangs 3, slimy green scales 1, clarity, regeneration 2, wild magic 1, magic
shield, antimagic bite, no potion heal 3, rot immunity
a: Potion Petition, Call Merchant, Bribe Branch, Renounce Religion


You were on level 12 of the Dungeon.
You worshipped Gozag.
Gozag was aware of your devotion.
You were not hungry.

You visited 2 branches of the dungeon, and saw 13 of its levels.
You also visited: Ossuary.

You collected 2260 gold pieces.
You spent 1440 gold pieces at shops.
You paid 578 gold pieces to Gozag.

Inventory:

Hand Weapons
 F - the +0 trident of the Snake Pit {pierce, +Inv MP+9}
   (You took it off a gnoll on level 4 of the Dungeon)

   It inflicts extra damage upon your enemies.
   It affects your magic capacity (+9).
   It lets you turn invisible.
 R - the +5 demon whip "Spellbinder" (weapon) {antimagic, MR+}
   (You found it on level 11 of the Dungeon)

   It reduces the magical energy of the wielder, and disrupts the spells and
   magical abilities of those hit.
   Natural abilities and divine invocations are not affected.
   It affects your resistance to hostile enchantments.
Armour
 b - a +0 scale mail
 c - a +0 shield (worn)
 g - a +0 cloak (worn)
 k - a scarf of spirit shield
 l - a +0 pair of gloves (worn)
 o - +0 gold dragon scales (worn)
 w - a +0 helmet (worn)
 N - a +2 pair of boots (worn)
Jewellery
 h - the amulet "Sapsil" (around neck) {Faith MR++ MP-9 Slay+2 SInv}
   (You took it off a meliai on level 11 of the Dungeon)

   [amulet of faith]

   It allows you to gain divine favour quickly.
   It affects your accuracy and damage with ranged weapons and melee attacks
   (+2).
   It affects your resistance to hostile enchantments.
   It affects your magic capacity (-9).
   It lets you see invisible.
 j - the ring of Hedonism (right hand) {rElec Stlth+}
   (You found it on level 11 of the Dungeon)

   [ring of stealth]

   It insulates you from electricity.
   It makes you more stealthy.
 s - a +4 amulet of reflection
 y - a +2 ring of strength (left hand)
 A - an uncursed ring of resist corrosion
 E - an uncursed ring of ice
 J - an uncursed ring of see invisible
 L - an uncursed ring of protection from cold
 Q - an uncursed ring of poison resistance
Wands
 p - a wand of scattershot (5)
 C - a wand of iceblast (8)
 D - a wand of enslavement (14)
 M - a wand of paralysis (11)
 O - a wand of flame (10)
Scrolls
 a - a scroll of teleportation
 e - 6 scrolls of identify
 f - 2 scrolls of magic mapping
 i - 4 scrolls of remove curse
 G - 2 scrolls of fog
 K - a scroll of amnesia
Potions
 d - 2 potions of might
 n - 5 potions of lignification
 r - a potion of brilliance {unknown}
 t - a potion of agility
 v - 5 potions of magic {unknown}
 x - 10 potions of curing
 z - a potion of cancellation
 H - 2 potions of mutation
 I - a potion of ambrosia {unknown}
Miscellaneous
 P - a phantom mirror
Comestibles
 q - 12 rations


   Skills:
 + Level 8.0 Fighting
   Level 2.3 Long Blades
 - Level 6.2 Maces & Flails
 - Level 1.3 Polearms
 * Level 7.4 Armour
 + Level 5.8 Dodging
 + Level 4.4 Stealth
 + Level 11.6 Shields
 + Level 0.6 Evocations


You had 11 spell levels left.
You didn't know any spells.

Dungeon Overview and Level Annotations

Branches:
Dungeon (12/15)            Temple (1/1) D:4            Lair (0/6) D:9
    Orc (0/2) D:11

Altars:
Ashenzari
Cheibriados
Dithmenos
Elyvilon
Fedhas
Gozag
Hepliaklqana
Kikubaaqudgha
Makhleb
Nemelex Xobeh
Okawaru
Qazlal
Ru
Sif Muna
Trog
Uskayaw
Vehumet
Wu Jian
Xom
Yredelemnul
Zin
The Shining One

Shops:
D:10 (   D:11 }   D:12 [

Annotations:
D:12 Erolcha, Fannar


Innate Abilities, Weirdness & Mutations

You have razor-sharp teeth.
You heal very quickly.
When hurt, damage is shared between your health and your magic reserves.
Your bite disrupts and absorbs the magic of your enemies.
Potions cannot restore your health.
You are immune to rotting.
You are partially covered in slimy green scales. (AC +2)
You possess an exceptional clarity of mind.
Your spells are a little harder to cast, but a little more powerful.


Message History

The kobold demonologist mumbles some strange words.
The crimson imp blinks!
The crimson imp blinks!
Erolcha barely misses you.
The bullfrog hits you but does no damage.
The kobold demonologist looks satisfied for a moment.
The quasit barely misses you.
The quasit claws you but does no damage.
You block the quasit's attack.
You block the centaur warrior skeleton's attack.
The quasit barely misses you.
The quasit claws you but does no damage.
You block the quasit's attack.
Okay, then.
Okay, then.
You feel yourself speed up.
Erolcha hits you with an enchanted giant club!!!
Ouch! That really hurt!
You die...
Your body crumbles into a pile of gold.

...........#......###......#
..≈≈≈.....###....## ##....<#
..≈≈≈....#####...# #....<#
..≈≈≈..8..###....## ##....<#
...........#......###......#
.....8.∩.8.................#
.....................#.....#
.......8...........#..###..#
...............F@.###.# ..##
...............5ZO##### .##
.......$......5o5..#.# ##
...........%.J.K....#
T....#.....SK.3....##
..###....$KK...#..#
#####...K...##..##
.###...K..###.#.#
..#......## #####


You could see a soul eater, Erolcha (berserk), a kobold demonologist, a big
kobold, a bullfrog, a jelly, an iron imp, a quasit, an adder, an orc, an
ufetubus, 4 kobolds and a centaur warrior skeleton.

Vanquished Creatures
  A hydra (D:12)
  4 two-headed ogres
  The ghost of NihilVerum the Frost Mage, a novice DsIE of Yredelemnul (D:9)
  The ghost of Sassnadas the Chopper, a novice FoFi (D:5)
  An unseen horror (D:11)
  An ugly thing (D:10)
  A manticore (D:11)
  A gargoyle (D:12)
  2 centaur skeletons
  A komodo dragon (D:11)
  A kobold demonologist (D:10)
  The ghost of loom the Magician, a novice DEFE of Vehumet (D:4)
  2 trolls (D:11)
  A meliai (D:11)
  A spriggan (D:7)
  2 hippogriffs
  A shadow (D:11)
  A vampire (D:11)
  A wraith (D:12)
  7 yaks
  A wyvern (D:11)
  A basilisk (D:11)
  A hungry ghost (D:11)
  2 vampire mosquitoes (D:12)
  An acid dragon (D:12)
  A soldier ant (D:11)
  A black bear (D:11)
  8 orc warriors
  4 sky beasts
  2 ice beasts
  5 ogres
  2 phantoms
  5 centaurs
  A boggart (D:11)
  An elf zombie (Ossuary)
  4 bullfrogs
  4 scorpions
  3 wights (D:8)
  14 killer bees
  A howler monkey (D:11)
  An electric eel (D:7)
  6 crimson imps
  6 centaur zombies
  A human zombie (Ossuary)
  2 quasits
  6 hounds
  3 jellies
  3 orc priests
  3 bullfrog skeletons
  Crazy Yiuf (D:5)
  5 gnoll shamans (D:4)
  5 iguanas
  7 orc wizards
  Ijyb (D:5)
  14 worker ants
  A big kobold zombie (Ossuary)
  2 mummies (Ossuary)
  4 worker ant zombies
  34 gnolls (D:4)
  14 adders
  A shadow imp (D:7)
  3 oozes
  4 worms
  13 dart slugs
  4 leopard geckos
  48 orcs
  A ball python (D:1)
  10 bats
  3 giant cockroaches
  5 goblins
  9 hobgoblins
  15 jackals
  4 quokkas
  6 frilled lizards
  A goblin zombie (Ossuary)
  6 hobgoblin zombies (Ossuary)
  A jackal skeleton (D:9)
  2 jackal zombies (Ossuary)
  7 kobolds
  11 kobold zombies (Ossuary)
  10 orc zombies (Ossuary)
  2 quokka skeletons
  4 rats
  A rat zombie (Ossuary)
384 creatures vanquished.

Vanquished Creatures (others)
  An adder (D:7)
1 creature vanquished.

Grand Total: 385 creatures vanquished

Notes
Turn   | Place    | Note
-------+----------+-------------------------------------------
     0 | D:1      | Manul the Vine Stalker Fighter began the quest for the Orb.
     0 | D:1      | Reached XP level 1. HP: 11/11 MP: 2/2
    68 | D:1      | Reached XP level 2. HP: 16/16 MP: 3/3
   365 | D:1      | Reached skill level 3 in Shields
  1257 | D:2      | Reached XP level 3. HP: 7/19 MP: 1/4
  1650 | D:2      | Found a shattered altar of Ashenzari.
  1668 | D:2      | Gained mutation: You are partially covered in slimy green scales. (AC +2) [potion of mutation]
  1668 | D:2      | Gained mutation: Your system is resistant to poisons. (rPois) [potion of mutation]
  1686 | D:2      | HP: 1/20 [poisoned by an adder]
  1997 | D:2      | Gained mutation: Your natural rate of healing is unusually fast. [Vine Stalker growth]
  1997 | D:2      | Reached XP level 4. HP: 21/24 MP: 5/5
  2446 | D:2      | Found a bloodstained altar of Trog.
  2617 | D:3      | Reached XP level 5. HP: 27/28 MP: 6/6
  2747 | D:3      | Reached skill level 4 in Shields
  3337 | D:4      | Reached skill level 1 in Dodging
  3341 | D:4      | Reached XP level 6. HP: 30/32 MP: 5/7
  3354 | D:4      | Found a staircase to the Ecumenical Temple.
  3374 | Temple   | Entered the Ecumenical Temple
  3610 | D:4      | Reached skill level 1 in Polearms
  3716 | D:4      | Found a deep blue altar of Sif Muna.
  3811 | D:4      | Reached XP level 7. HP: 36/36 MP: 8/8
  4004 | D:4      | Noticed loom's ghost (novice DEFE)
  4018 | D:4      | Killed loom's ghost
  4018 | D:4      | Reached skill level 1 in Stealth
  4018 | D:4      | Reached skill level 5 in Shields
  4170 | D:4      | Gained mutation: You have razor-sharp teeth. [Vine Stalker growth]
  4170 | D:4      | Reached XP level 8. HP: 42/42 MP: 9/9
  4226 | D:4      | Reached skill level 6 in Shields
  4409 | D:5      | Entered Level 5 of the Dungeon
  4426 | D:5      | Noticed Sassnadas's ghost (novice FoFi)
  4547 | D:5      | Killed Sassnadas's ghost
  4547 | D:5      | Reached skill level 5 in Fighting
  4547 | D:5      | Reached skill level 5 in Armour
  4547 | D:5      | Reached skill level 7 in Shields
  4547 | D:5      | Reached XP level 9. HP: 20/47 MP: 5/10
  4686 | D:5      | Found a shimmering altar of Xom.
  4746 | D:5      | Found an opulent altar of Gozag.
  4754 | D:5      | Became a worshipper of Gozag Ym Sagoz the Greedy
  4803 | D:5      | Noticed Ijyb
  4817 | D:5      | Killed Ijyb
  4993 | D:5      | Lost mutation: Your system is resistant to poisons. (rPois) [potion of mutation]
  4993 | D:5      | Gained mutation: Your flesh is cold resistant. (rC+) [potion of mutation]
  4993 | D:5      | Gained mutation: You possess an exceptional clarity of mind. [potion of mutation]
  4993 | D:5      | Lost mutation: Your flesh is cold resistant. (rC+) [potion of mutation]
  4993 | D:5      | Gained mutation: Your spells are a little harder to cast, but a little more powerful. [potion of mutation]
  5174 | D:5      | Found a runed door.
  5689 | D:5      | Noticed Crazy Yiuf
  5700 | D:5      | Killed Crazy Yiuf
  5871 | D:6      | Reached skill level 8 in Shields
  7238 | D:4      | Got a bloodstained trident {pierce}
  7239 | D:4      | Identified the cursed +0 trident of the Snake Pit {pierce, +Inv MP+9} (You took it off a gnoll on level 4 of the Dungeon)
  7703 | D:8      | Reached XP level 10. HP: 53/53 MP: 11/11
  7851 | D:8      | Found a sand-covered staircase.
  7858 | Ossuary  | Entered an ossuary
  8284 | D:8      | Noticed a two-headed ogre
  8295 | D:8      | Killed a two-headed ogre
  8295 | D:8      | Reached skill level 9 in Shields
  8530 | D:8      | Noticed a two-headed ogre
  8539 | D:8      | Killed a two-headed ogre
  8815 | D:8      | Reached skill level 10 in Shields
  8888 | D:9      | Noticed NihilVerum's ghost (novice DsIE)
  8895 | D:9      | Reached skill level 5 in Dodging
  8960 | D:8      | Reached XP level 11. HP: 51/58 MP: 12/12
  9368 | D:9      | Killed NihilVerum's ghost
  9655 | D:9      | Found a staircase to the Lair.
  9755 | D:10     | Entered Level 10 of the Dungeon
 10200 | D:10     | Noticed a two-headed ogre
 10208 | D:10     | Killed a two-headed ogre
 10578 | D:10     | You fall through a shaft for 2 floors!
 10596 | D:12     | Noticed Fannar
 10626 | D:12     | Noticed Erolcha
 10627 | D:12     | Noticed a green ugly thing
 10641 | D:12     | Found Lucu's Antique Armour Shoppe.
 10861 | D:11     | Noticed a purple ugly thing
 10885 | D:11     | Found a staircase to the Orcish Mines.
 10918 | D:10     | Killed a purple ugly thing
 10932 | D:10     | Reached skill level 11 in Shields
 11019 | D:11     | Found the +5 demon whip "Spellbinder" {antimagic, MR+}
 11283 | D:11     | Noticed a manticore
 11292 | D:11     | Killed a manticore
 11292 | D:11     | Reached skill level 1 in Maces & Flails
 11315 | D:11     | Noticed an unseen horror
 11343 | D:11     | Killed an unseen horror
 11359 | D:11     | HP: 1/59 [meliai/divine providence (11)]
 11429 | D:11     | Got a vibrating ruby amulet
 11437 | D:11     | Gained mutation: You heal very quickly. [Vine Stalker growth]
 11437 | D:11     | Reached XP level 12. HP: 50/64 MP: 4/13
 11484 | D:11     | Noticed a two-headed ogre
 11493 | D:11     | Killed a two-headed ogre
 11539 | D:11     | Found Elamed's Gadget Shop.
 12134 | D:10     | Reached skill level 5 in Maces & Flails
 12340 | D:11     | Got a bound jade ring
 12347 | D:11     | Identified the ring of Hedonism {rElec Stlth+} (You found it on level 11 of the Dungeon)
 12349 | D:11     | Identified the amulet "Sapsil" {Faith MR++ MP-9 Slay+2 SInv} (You took it off a meliai on level 11 of the Dungeon)
 12692 | D:12     | Noticed a seven-headed hydra
 12710 | D:12     | Killed a seven-headed hydra
 12816 | D:12     | Bought gold dragon scales for 1440 gold pieces
 12868 | D:12     | Noticed a soul eater
 12871 | D:12     | Mangled by Erolcha

Vault maps used:
D:1:      dpeg_arrival_boxes_within_box, minmay_misc_feat_square
D:2:      evilmike_ruin_ashenzari, trog_butcher_becter
D:3:      minmay_vboxes
D:4:      lemuel_castle_with_subvaults, led_sif_pool,
          minmay_temple_entry_large_hall, first_ration, hex_large,
          kennysheep_minor_cross
D:5:      old_standard_altar, nicolae_overflow_hidden_temple,
          uniq_crazy_yiuf_cottage, uniq_ijyb
D:7:      kennysheep_slugbush, the_bakery, nrook_mini_vaults
D:8:      nicolae_ossuary_entry_monument
D:9:      amethyst_killhole
D:11:     david_orc_2, serial_shops, shop, minmay_the_grid_square_5x5_3x3_mashed
D:12:     serial_shops, nicolae_shop_statue_plus, minivault_23, uniq_fannar,
          uniq_erolcha
Temple:   regret_index_temple_mists
Ossuary:  ossuary_tomb_1

Skill      XL: |  1  2  3  4  5  6  7  8  9 10 11 12 |
---------------+-------------------------------------+-----
Shields        | 3 4 5 7 8 10 11 | 11.6
Long Blades    | 2 |  2.3
Fighting       | 3 4 5 6 7 8 |  8.0
Armour         | 3 4 5 6 7 |  7.4
Dodging        | 1 2 3 4 5 |  5.8
Polearms       | 1 |  1.3
Stealth        | 1 2 3 4 |  4.4
Maces & Flails | 3 6 |  6.2
Evocations     | |  0.6

Action                   |  1- 3 |  4- 6 |  7- 9 | 10-12 || total
-------------------------+-------+-------+-------+-------++-------
Melee: Long sword        |    61 |   117 |       |       ||   178
       Bite              |    21 |    61 |   165 |   268 ||   515
       Spear             |       |    78 |   486 |       ||   564
       Short sword       |       |    10 |       |       ||    10
       Trident           |       |       |    21 |   555 ||   576
       Demon whip        |       |       |       |   237 ||   237
Invok: Call Merchant     |       |       |       |     1 ||     1
 Abil: Evoke Invisibilit |       |       |       |     1 ||     1
Evoke: Wand              |       |       |     2 |     1 ||     3
  Use: Potion            |     1 |       |     3 |     2 ||     6
       Scroll            |       |       |    11 |    13 ||    24
 Stab: Distracted        |       |       |     2 |     4 ||     6
       Sleeping          |       |       |     1 |       ||     1
       Invisible         |       |       |       |     4 ||     4
  Eat: Chunk             |     1 |     5 |     5 |       ||    11
       Ration            |     1 |       |     3 |     6 ||    10
Armor: Scale mail        |    74 |    60 |   104 |   244 ||   482
       Gold dragon scale |       |       |       |     6 ||     6
Dodge: Dodged            |    58 |    55 |    94 |   271 ||   478
Block: Shield            |    85 |   151 |   274 |   708 ||  1218
       Reflection        |       |     1 |    10 |    24 ||    35
       Rpst.: Long sword |    19 |    11 |       |       ||    30

Table legend:
 A = Spawn XP
 B = Non-spawn XP
 C = Spawn XP percentage of total XP
 D = Spawn monster count
 E = Non-spawn monster count
 F = Spawn count percentage of total count
 G = Total turns spent on level
                    A         B        C        D         E        F      G
               +---------+---------+-------+---------+---------+-------+---------
         Total |       0 |   24867 |   0.0 |       0 |     385 |   0.0 | 12871
               +---------+---------+-------+---------+---------+-------+---------
           D:1 |       0 |      26 |   0.0 |       0 |      17 |   0.0 |  1241
           D:2 |       0 |     100 |   0.0 |       0 |      26 |   0.0 |  1269
           D:3 |       0 |     125 |   0.0 |       0 |      24 |   0.0 |   773
           D:4 |       0 |    1557 |   0.0 |       0 |      63 |   0.0 |  1097
           D:5 |       0 |    1457 |   0.0 |       0 |      22 |   0.0 |  1351
           D:6 |       0 |     397 |   0.0 |       0 |      12 |   0.0 |   662
           D:7 |       0 |     861 |   0.0 |       0 |      32 |   0.0 |  1117
           D:8 |       0 |    3017 |   0.0 |       0 |      19 |   0.0 |   687
           D:9 |       0 |    2526 |   0.0 |       0 |      28 |   0.0 |  1049
          D:10 |       0 |    3912 |   0.0 |       0 |      35 |   0.0 |  1533
          D:11 |       0 |    7689 |   0.0 |       0 |      54 |   0.0 |  1117
          D:12 |       0 |    2824 |   0.0 |       0 |      14 |   0.0 |   466
       Ossuary |       0 |     376 |   0.0 |       0 |      39 |   0.0 |   342
               +---------+---------+-------+---------+---------+-------+---------
